 Dungeon Crawl Stone Soup version 0.20-a0-1122-gb7cbeb9 (webtiles) character file.

3234 wolfsongas the Covert (level 9, -5/54 HPs)
             Began as an Octopode Assassin on May 15, 2017.
             Was an Initiate of Dithmenos.
             Killed from afar by a manticore (12 damage)
             ... with a volley of spikes
             ... on level 8 of the Dungeon.
             The game lasted 00:25:07 (8615 turns).

wolfsongas the Covert (Octopode Assassin)           Turns: 8615, Time: 00:25:07

Health: -5/54      AC:  1    Str: 12    XL:     9   Next: 98%
Magic:  0/18       EV: 13    Int: 13    God:    Dithmenos [......]
Gold:   432        SH:  0    Dex: 17    Spells: 6/8 levels left

rFire    . . .     SeeInvis .   h - +4 dagger (venom)
rCold    . . .     Gourm    .   (no shield)
rNeg     . . .     Faith    .   (helmet restricted)
rPois    .         Spirit   +   g - amulet of guardian spirit
rElec    .         Reflect  .   i - ring of magical power
rCorr    .         Harm     .   l - ring of flight
MR       .....                  (no ring)
Stlth    ++++++++..             (no ring)
Regen    0.2/turn               (no ring)
MPRegen  0.2/turn               (no ring)
                                (no ring)
                                (no ring)

@: barbed spikes
A: almost no armour, stealthy swim, amphibious, 8 rings, constrict 8, tentacle
spike 1, camouflage 2, screaming 1, strong 1, gelatinous body 1
a: Renounce Religion, Evoke Flight


You were on level 8 of the Dungeon.
You worshipped Dithmenos.
Dithmenos was noncommittal.
You were not hungry.

You visited 2 branches of the dungeon, and saw 10 of its levels.

You collected 432 gold pieces.

Inventory:

Hand Weapons
 b - a +0 blowgun
 h - a +4 dagger of venom (weapon)
Missiles
 c - 8 poisoned needles
 d - 9 curare-tipped needles
 e - a throwing net (quivered)
 r - 6 poisoned javelins
Jewellery
 g - an amulet of guardian spirit (around mantle)
 i - a ring of magical power (left tentacle)
 l - a ring of flight (right tentacle)
Wands
 k - a wand of acid (4/15)
 p - a wand of digging (22/24)
Scrolls
 n - 3 scrolls of remove curse
Potions
 j - 3 potions of brilliance
 q - 3 potions of curing
Comestibles
 a - 3 chunks of flesh
 f - 4 bread rations
 m - 4 meat rations


   Skills:
 - Level 2.0 Fighting
 * Level 10.1 Short Blades
 - Level 2.0 Throwing
 - Level 1.0 Dodging
 * Level 13.7 Stealth


You had 6 spell levels left.
You knew the following spells:

 Your Spells              Type           Power        Failure   Level  Hunger
a - Swiftness             Chrm/Air       #.......     43%         2    ###....


Dungeon Overview and Level Annotations

Branches:
Dungeon (9/15)             Temple (1/1) D:7
   Lair: D:8-11         Orc: D:9-12

Altars:
Ashenzari
Dithmenos
Fedhas
Hepliaklqana
Kikubaaqudgha
Makhleb
Nemelex Xobeh
Okawaru
Qazlal
Ru
Trog
Uskayaw
Vehumet
Wu Jian
Xom
Yredelemnul
Zin
The Shining One


Innate Abilities, Weirdness & Mutations

You cannot wear most types of armour.
You are very stealthy in the water. (Stealth+)
You are amphibious.
You can wear up to eight rings at the same time.
You can use your tentacles to constrict eight enemies at once.
Your skin blends seamlessly with your surroundings (Stealth++).
Your rubbery body absorbs attacks. (AC +1, EV +1)
One of your tentacles bears a spike.
You occasionally shout uncontrollably at your foes.
Your muscles are strong. (Str +2)


Message History

The barbed spikes dig painfully into your body as you move.
The barbed spikes dig painfully into your body as you move.
The barbed spikes dig painfully into your body as you move.
The barbed spikes dig painfully into your body as you move.
The barbed spikes dig painfully into your body as you move.
The barbed spikes dig painfully into your body as you move.
The manticore flicks its tail.
The volley of spikes hits you!
The barbed spikes become lodged in your body.
* * * LOW HITPOINT WARNING * * *
Wield which item (- for none, * to show all)? (? for menu, Esc to quit)
Okay, then.
Okay, then.
You fail to use your ability.
The barbed spikes dig painfully into your body as you move.
* * * LOW HITPOINT WARNING * * *
The manticore flicks its tail.
The volley of spikes hits you!
The barbed spikes become lodged in your body.
You die...

.#..#.###.......###.#. #.##.##.
............... .....###[##.##. .
#..H. .......####..##..........
..#....###.......)......#..##.##.
.......§§........................
.....§§ ..............#..........
..#..§§###.#...####...#.#..##.##.
.....§§§§§§H....@................
..#..§§###.#...####...#.#..##.##.
.....§§ .........................
...$....#..#...####...#.#..##.##.
..#...................#.#..##.##.
..#........#...###............##.
..#............# ##...#.#..##.##.
......#.#..#.#.####...#.#..##.##.
..#........... ...........##.##.


You could see a manticore.

Vanquished Creatures
  Joseph (D:7)
  The ghost of AverageBear the Slasher, a novice DEFi (D:7)
  Grinder (D:5)
  Prince Ribbit (D:6)
  Menkaure (D:5)
  2 sky beasts
  2 orc warriors
  An ice beast (D:5)
  2 phantoms
  3 ogres
  2 centaurs (D:6)
  2 bullfrogs
  2 scorpions
  2 howler monkeys
  2 crimson imps
  4 hounds
  Crazy Yiuf (D:2)
  A bullfrog zombie (D:5)
  3 orc wizards
  A centaur skeleton (D:6)
  2 iguanas
  3 worker ants
  A worker ant zombie (D:5)
  8 gnolls
  A howler monkey skeleton (D:6)
  8 adders
  A shadow imp (D:6)
  2 oozes (D:3)
  An adder skeleton (D:4)
  6 worms
  3 dart slugs
  4 leopard geckos
  13 orcs
  10 giant cockroaches
  7 goblins
  6 hobgoblins
  13 jackals
  A quokka (D:2)
  6 ball pythons
  7 bats
  7 frilled lizards
  A giant cockroach zombie (D:5)
  7 kobolds
  A leopard gecko skeleton (D:6)
  A quokka skeleton (D:6)
  9 rats
  A plant (D:2)
165 creatures vanquished.

Notes
Turn   | Place    | Note
-------+----------+-------------------------------------------
     0 | D:1      | wolfsongas the Octopode Assassin began the quest for the Orb.
     0 | D:1      | Reached XP level 1. HP: 14/14 MP: 1/1
   178 | D:1      | Reached XP level 2. HP: 18/19 MP: 2/2
   512 | D:1      | You fall through a shaft!
   538 | D:2      | Found a runed door.
   542 | D:2      | Noticed Crazy Yiuf
   549 | D:2      | Killed Crazy Yiuf
   549 | D:2      | Reached XP level 3. HP: 24/24 MP: 3/3
   852 | D:2      | Reached XP level 4. HP: 7/29 MP: 4/4
  1362 | D:2      | Reached skill level 6 in Stealth
  1844 | D:3      | Gained mutation: One of your tentacles bears a spike. [potion of mutation]
  1844 | D:3      | Gained mutation: Your muscles are strong. (Str +2) [potion of mutation]
  1844 | D:3      | Gained mutation: Your skin blends seamlessly with your surroundings (Stealth++). [potion of mutation]
  1877 | D:3      | Reached XP level 5. HP: 34/34 MP: 5/5
  2202 | D:3      | Found a shimmering altar of Xom.
  2205 | D:3      | Found a shimmering altar of Xom.
  2209 | D:3      | Found a shimmering altar of Xom.
  2209 | D:3      | Found a shimmering altar of Xom.
  2211 | D:3      | Found a shimmering altar of Xom.
  2227 | D:3      | Found a shimmering altar of Xom.
  2227 | D:3      | Found a shimmering altar of Xom.
  2228 | D:3      | Found a shimmering altar of Xom.
  2314 | D:3      | Found a shimmering altar of Xom.
  2724 | D:3      | Found an ornate altar of the Wu Jian Council.
  2999 | D:4      | Reached skill level 7 in Stealth
  3056 | D:4      | Reached skill level 5 in Short Blades
  3056 | D:4      | Reached XP level 6. HP: 39/39 MP: 6/6
  3131 | D:4      | Found a stormy altar of Qazlal.
  3380 | D:4      | Learned a level 2 spell: Swiftness
  4089 | D:5      | Entered Level 5 of the Dungeon
  4137 | D:5      | Noticed Grinder
  4191 | D:5      | Reached skill level 8 in Stealth
  4211 | D:5      | Noticed a sky beast
  4220 | D:5      | Killed a sky beast
  4220 | D:5      | Reached XP level 7. HP: 45/45 MP: 7/7
  4239 | D:5      | Paralysed by Grinder for 3 turns
  4246 | D:5      | Killed Grinder
  4246 | D:5      | Reached skill level 9 in Stealth
  4483 | D:5      | Reached XP level 8. HP: 50/50 MP: 8/8
  4494 | D:5      | Noticed Menkaure
  4497 | D:5      | Killed Menkaure
  4497 | D:5      | Reached skill level 10 in Stealth
  5485 | D:6      | Noticed Prince Ribbit
  5494 | D:6      | Killed Prince Ribbit
  5494 | D:6      | Reached skill level 11 in Stealth
  5976 | D:6      | Reached XP level 9. HP: 41/54 MP: 9/9
  5986 | D:6      | Gained mutation: You occasionally shout uncontrollably at your foes. [mutagenic meat]
  6050 | D:6      | Reached skill level 12 in Stealth
  6569 | D:7      | Found a staircase to the Ecumenical Temple.
  6574 | D:7      | Noticed AverageBear's ghost (novice DEFi)
  6594 | D:7      | Killed AverageBear's ghost
  6788 | Temple   | Entered the Ecumenical Temple
  6831 | Temple   | Became a worshipper of Dithmenos the Shadowed
  7374 | D:7      | Noticed Joseph
  7391 | D:7      | Killed Joseph
  7391 | D:7      | Reached skill level 13 in Stealth
  7949 | D:8      | Noticed a manticore
  8375 | D:8      | Reached skill level 10 in Short Blades
  8615 | D:8      | Killed from afar by a manticore

Vault maps used:
D:1:      dpeg_arrival_brainrot, minmay_small_reverse_x
D:2:      first_bread, serial_bayou_lagoon_a, uniq_crazy_yiuf_cottage
D:3:      minmay_diamond_boxcup, lemuel_coloured_pillars_altar, xom_redecorated
D:4:      nicolae_qazlal_general_emergency
D:5:      uniq_menkaure, uniq_grinder
D:6:      cheibrodos_sewer_entry_sluice, uniq_prince_ribbit1
D:7:      minmay_temple_entry_grid, grunt_ogre_cave, uniq_joseph
D:8:      basic_altar, minmay_door_square, mrwooster_statue_mirror
D:9:      serial_curves, eino_curves_03, eino_curves_02, uniq_psyche
Temple:   grunt_wide_crystal_templ

Skill      XL: |  1  2  3  4  5  6  7  8  9 |
---------------+----------------------------+-----
Short Blades   | 3 4 5 6 7 8 10 | 10.1
Stealth        | 6 7 8 9 11 13 | 13.7
Fighting       | |  2.0
Throwing       | |  2.0
Dodging        | |  1.0

Action                   |  1- 3 |  4- 6 |  7- 9 || total
-------------------------+-------+-------+-------++-------
Melee: Dagger            |    67 |   132 |   231 ||   430
       Constrict         |    14 |    35 |    29 ||    78
       Tentacles         |     9 |    28 |    59 ||    96
       Kick              |       |    33 |    84 ||   117
Evoke: Wand              |       |       |     3 ||     3
  Use: Scroll            |     6 |     3 |    15 ||    24
       Potion            |     2 |     7 |    10 ||    19
 Stab: Sleeping          |    13 |    29 |    11 ||    53
       Invisible         |       |       |     3 ||     3
  Eat: Chunk             |       |     4 |     3 ||     7
       Fruit             |       |     1 |     1 ||     2
       Meat ration       |       |     1 |       ||     1
       Royal jelly       |       |       |     1 ||     1
       Bread ration      |       |       |     3 ||     3
Armor: Skin              |     2 |     2 |     2 ||     6
Dodge: Dodged            |    28 |    56 |    95 ||   179
